 Dungeon Crawl Stone Soup version 0.31-a0-234-gad7ace16ef (webtiles) character file.

Game seed: 15039445509019488819

240 qw the Shooter (level 5, -1/45 HPs)
             Began as a Minotaur Hexslinger on July 9, 2023.
             Slain by a black bear (2 damage)
             ... on level 4 of the Dungeon.
             The game lasted 00:00:56 (3226 turns).

qw the Shooter (Minotaur Hexslinger)                Turns: 3226, Time: 00:00:57

Health: -1/45      AC:  5    Str:  9 (12) XL:     5   Next: 79%
Magic:  5/5        EV: 14    Int:  8 (9)  God:
Gold:   17         SH:  0    Dex: 25 (28) Spells: 5/6 levels left

rFire   . . .        Y - +2 sling
rCold   . . .        (no shield)
rNeg    . . .        j - +2 robe "Zigyavod" {-Cast Dex+4}
rPois   .            (helmet restricted)
rElec   .            (no cloak)
rCorr   .            l - +0 pair of gloves
SInv    .            (no boots)
Will    .....        (no amulet)
Stlth   ++           c - +6 ring of dexterity
HPRegen 0.27/turn    (no ring)
MPRegen 0.09/turn

%: no spellcasting
@: no status effects
A: horns 2, retaliatory headbutt, agile 1, sense surroundings 1
a: no special abilities


You were on level 4 of the Dungeon.
You visited 1 branch of the dungeon, and saw 5 of its levels.

You collected 95 gold pieces.
You spent 78 gold pieces at shops.


Innate Abilities, Weirdness & Mutations

You have a pair of horns on your head.
You reflexively headbutt those who attack you in melee.
You are agile. (Dex +4, Str/Int -1)
You passively map a small area around you.


   Skills:
 - Level 3.0 Fighting
 + Level 5.8 Ranged Weapons
 - Level 3.1 Dodging
 - Level 1.0 Spellcasting
 - Level 2.0 Hexes


You had 5 spell levels left.
You knew the following spells:

 Your Spells              Type           Power      Damage    Failure   Level
a - Slow                  Hex            12%        N/A       17%         1

Your spell library contained the following spells:

 Spells                   Type           Power      Damage    Failure   Level
 Inner Flame              Hex/Fire       2%         N/A       61%         3
 Portal Projectile        Hex/Tloc       4%         N/A       61%         3
 Cause Fear               Hex            1%         N/A       86%         4

Inventory:

Hand Weapons
 Y - a +2 sling (weapon)
Armour
 g - a +2 leather armour of fire resistance
 j - the +2 robe "Zigyavod" (worn) {-Cast Dex+4}
   (You found it on level 2 of the Dungeon)

   Dex:       It affects your dexterity (+4).
   -Cast:     It prevents spellcasting.
 l - a +0 pair of gloves (worn)
Jewellery
 c - a +6 ring of dexterity (left hand)
 h - a ring of fire
Scrolls
 k - a scroll of identify
Potions
 a - 3 potions of mutation
 b - a potion of curing
 d - a potion of might
 i - a potion of enlightenment

Dungeon Overview and Level Annotations

Branches:
Dungeon (5/15)
 Temple: D:4-7

Altars:
Ashenzari
Qazlal

Shops:
D:4 =?((**


Message History

There is a stone staircase leading down here.
Enter note:
Enter note:
Enter note:
Enter note:
Enter note:
Enter note:
Enter note:
Enter note:
Enter note: You shoot a sling bullet.
The sling bullet hits the sleepcap.
The sleepcap is severely damaged.
The black bear barely misses you. The black bear claws you.
The black bear barely misses you. The sleepcap barely misses you.
You furiously retaliate!
You headbutt the sleepcap!
You destroy the sleepcap!
The orc misses you. You furiously retaliate!
You headbutt the orc, but do no damage. You shoot a sling bullet.
The sling bullet hits the black bear!
The black bear is moderately wounded.
The black bear closely misses you. The black bear barely misses you.
The black bear claws you but does no damage.
The orc barely misses you.
You shoot a sling bullet.
The sling bullet hits the black bear but does no damage.
The black bear is moderately wounded.
The black bear bites you. The black bear misses you. The black bear claws you.
The orc barely misses you.
You shoot a sling bullet. The sling bullet hits the black bear.
The black bear is heavily wounded.
The black bear bites you. The black bear closely misses you.
The black bear completely misses you. The orc closely misses you.
You shoot a sling bullet. The sling bullet hits the black bear!
The black bear is severely wounded.
The black bear goes berserk!
The orc hits you with a +0 dagger.
You shoot a sling bullet. The sling bullet hits the black bear.
The black bear is almost dead.
The black bear bites you! The black bear claws you. The black bear misses you.
The orc barely misses you. The black bear bites you! The black bear claws you.
You die...

#.# #.# #.#.#<###.##.#..
#.##########....##.##....
#..8......)##......##....
#.......8}.#...)#..##~~~~
########.#######8.#.#.##.......#
#.....##.# #.# #).#.#.##.###.#.#
#.....##.# #.# #.8#.#.##.# #.#..
#........# #.###o.#.#.##[###.##.
#.....##.###.##@..#.#.##.....##.
#.....##.#.#...h..#..........<..
##............##...###.#####.####
#..7.7.7.7..#..................#
....\.#.\...#.##..##########.#.#
...7.7.7.7....##..# #.#.#
#...#.#.#.........# #.#.#
#..7.7.7.7....###.# #.#.#
#...\.#.\...#.# #.# #.#.#


You could see a black bear (berserk) and an orc.

Vanquished Creatures
  2 hounds (D:4)
  An iguana (D:4)
  A sleepcap (D:4)
  An orc wizard (D:3)
  4 adders
  An ufetubus (D:4)
  A dart slug (D:1)
  5 orcs (D:3)
  8 ball pythons
  10 endoplasms
  3 goblins
  3 hobgoblins
  2 quokkas
  3 bats
  5 frilled lizards
  5 kobolds
  6 rats
61 creatures vanquished.

Notes
Turn   | Place    | Note
-------+----------+-------------------------------------------
     0 | D:1      | qw the Minotaur Hexslinger began the quest for the Orb.
     0 | D:1      | Reached XP level 1. HP: 16/16 MP: 1/1
     0 | D:1      | 0 ||| qw: Version: 0.3-a-51-g015441d
     0 | D:1      | 0 ||| qw: Game counter: 4299
     0 | D:1      | 0 ||| qw: Melee chars always use a shield: true
     0 | D:1      | 0 ||| qw: God list: Okawaru
     0 | D:1      | 0 ||| qw: Allow faded altars: false
     0 | D:1      | 0 ||| qw: Do Orc after clearing Dungeon:15 true
     0 | D:1      | 0 ||| qw: Do second Lair branch before Depths: true
     0 | D:1      | 0 ||| qw: Lair rune preference: random
     0 | D:1      | 0 ||| qw: Goals: Normal
     0 | D:1      | 0 ||| PLANNING D:1-11
   268 | D:1      | Reached skill level 3 in Ranged Weapons
   271 | D:1      | Reached XP level 2. HP: 23/23 MP: 2/2
  1031 | D:1      | 1031 ||| UPGRADING to +1 robe of willpower.
  1041 | D:1      | 1041 ||| DROPPING +0 robe.
  1042 | D:1      | 1042 ||| UPGRADING to +2 leather armour of fire resistance.
  1052 | D:1      | 1052 ||| DROPPING +1 robe of willpower.
  1053 | D:1      | 1053 ||| READING scroll labelled PEOZ GIMIW ELA.
  1054 | D:1      | 1054 ||| READING scroll labelled ETUNAI HOMO.
  1155 | D:1      | 1155 ||| DROPPING scroll of poison.
  1240 | D:2      | Identified the +6 falchion "Minotaur's Regret" {venom,
                  | rElec Will++ Dex+2}
  1313 | D:2      | Found a stormy altar of Qazlal.
  1376 | D:2      | Reached XP level 3. HP: 29/29 MP: 3/3
  1552 | D:2      | Identified the +2 robe "Zigyavod" {-Cast Dex+4}
  1560 | D:2      | 1560 ||| UPGRADING to +2 robe "Zigyavod" {-Cast Dex+4}.
  1570 | D:2      | 1570 ||| UPGRADING to +6 ring of dexterity.
  1571 | D:2      | 1571 ||| READING scroll labelled UMMUNU ONINK.
  1572 | D:2      | 1572 ||| DRINKING 2 viscous green potions.
  1677 | D:2      | 1677 ||| DROPPING potion of berserk rage.
  1868 | D:3      | Reached skill level 4 in Ranged Weapons
  1889 | D:3      | Reached XP level 4. HP: 15/36 MP: 4/4
  1916 | D:3      | 1916 ||| FLEEEEING.
  2404 | D:3      | 2404 ||| READING scroll labelled FOD MEINIPTE.
  2405 | D:3      | 2405 ||| READING scroll labelled CYTAOSU PYMA.
  2406 | D:3      | 2406 ||| READING scroll labelled OMUGIQ AWKOM.
  2407 | D:3      | 2407 ||| READING scroll labelled LEZOGR KUFAR.
  2408 | D:3      | 2408 ||| DRINKING 4 glowing brown potions.
  2408 | D:3      | Gained mutation: You passively map a small area around you.
                  | [potion of mutation]
  2408 | D:3      | Gained mutation: You are agile. (Dex +4, Str/Int -1)
                  | [potion of mutation]
  2440 | D:4      | Reached skill level 5 in Ranged Weapons
  2455 | D:4      | Found Omuagett's Elemental Accessories.
  2553 | D:4      | Reached skill level 3 in Fighting
  2684 | D:4      | Found a broken altar of Ashenzari.
  2713 | D:4      | Reached XP level 5. HP: 45/45 MP: 5/5
  2760 | D:4      | Found Boott's Antique Weapon Shoppe.
  2765 | D:4      | Reached skill level 3 in Dodging
  2765 | D:4      | Found Qunn's Magic Scroll Shoppe.
  2765 | D:4      | Found Degh's Jewellery Shoppe.
  2770 | D:4      | 2770 ||| SHOPLISTING runed sling (121 gold, have 90).
  2772 | D:4      | Found Wozirph's Weapon Shoppe.
  2775 | D:4      | 2775 ||| SHOPLISTING scroll of brand weapon (123 gold, have
                  | 90).
  2775 | D:4      | 2775 ||| BUYING scroll of identify (26 gold).
  2775 | D:4      | Bought a scroll of identify for 26 gold pieces
  2775 | D:4      | 2775 ||| BUYING scroll of identify (26 gold).
  2775 | D:4      | Bought a scroll of identify for 26 gold pieces
  2775 | D:4      | 2775 ||| BUYING scroll of identify (26 gold).
  2775 | D:4      | Bought a scroll of identify for 26 gold pieces
  2775 | D:4      | 2775 ||| SHOPLISTING scroll of identify (26 gold, have 12).
  2779 | D:4      | 2779 ||| SHOPLISTING +6 ring of strength (360 gold, have
                  | 12).
  2779 | D:4      | 2779 ||| SHOPLISTING amulet of reflection (300 gold, have
                  | 12).
  2779 | D:4      | 2779 ||| SHOPLISTING amulet of regeneration (300 gold, have
                  | 12).
  2779 | D:4      | 2779 ||| SHOPLISTING amulet of the Eight Ears {Faith
                  | Rampage rN+ Str-4 SInv} (470 gold, have 12).
  2779 | D:4      | 2779 ||| SHOPLISTING ring of Exhibitionism {+Blink Fly rC+
                  | rCorr} (441 gold, have 12).
  2779 | D:4      | 2779 ||| SHOPLISTING ring of ice (250 gold, have 12).
  2779 | D:4      | 2779 ||| SHOPLISTING ring of positive energy (200 gold,
                  | have 12).
  3104 | D:4      | Found Inyo's Assorted Antiques.
  3108 | D:4      | 3108 ||| SHOPLISTING encrusted granite ring (155 gold, have
                  | 17).
  3108 | D:4      | 3108 ||| SHOPLISTING metallic inky potion (27 gold, have
                  | 17).
  3183 | D:4      | 3183 ||| UPGRADING to +0 pair of gloves.
  3188 | D:4      | 3188 ||| READING scroll labelled EMUNOM AFUINK.
  3189 | D:4      | 3189 ||| DRINKING 2 bubbling yellow potions.
  3190 | D:4      | 3190 ||| READING 4 scrolls of identify.
  3190 | D:4      | 3190 ||| IDENTIFYING blue potion
  3191 | D:4      | 3191 ||| READING 3 scrolls of identify.
  3191 | D:4      | 3191 ||| IDENTIFYING fuming ruby potion
  3192 | D:4      | 3192 ||| READING 2 scrolls of identify.
  3192 | D:4      | 3192 ||| IDENTIFYING metallic inky potion
  3193 | D:4      | 3193 ||| DROPPING potion of degeneration.
  3215 | D:5      | Entered Level 5 of the Dungeon
  3215 | D:5      | Noticed an ogre
  3215 | D:5      | Noticed a black bear
  3219 | D:5      | 3219 ||| STAIRDANCE
  3226 | D:4      | HP: 1/45 [black bear (11)]
  3226 | D:4      | Slain by a black bear

Levels and vault maps discovered:
D:1:      minmay_arrival_four_circles, layout_basic
D:2:      layout_rooms, basic_altar
D:3:      layout_basic
D:4:      layout_loops_ring, lemuel_round_altar, serial_shops, shop,
          chequers_serial_rivers_micro_e, minmay_shop_grid_forest,
          chequers_decorated_corner, nicolae_elemental_shop,
          kennysheep_pointless_box, grunt_ministairs_5
D:5:      minmay_evil_eye, layout_rooms, st_stairs_9

Skill      XL: |  1  2  3  4  5 |
---------------+----------------+-----
Ranged Weapons | 3 4 5 |  5.8
Fighting       | 2 3 |  3.0
Dodging        | 3 |  3.1
Spellcasting   | |  1.0
Hexes          | |  2.0

Action                     |  1- 3 |  4- 6 || total
---------------------------+-------+-------++-------
   Fire: Sling             |    75 |    59 ||   134
    Use: Scroll            |     3 |     8 ||    11
         Potion            |     1 |     2 ||     3
 Armour: Robe              |     3 |     3 ||     6
  Dodge: Dodged            |    14 |    24 ||    38

Table legend:
 A = Non-vault XP
 B = Vault XP
 C = Vault XP percentage of total XP
 D = Non-vault monster count
 E = Vault monster count
 F = Vault count percentage of total count
                 A         B        C        D         E       F
            +---------+---------+-------+---------+---------+-------
      Total |     262 |      81 |  23.6 |      58 |       3 |   4.9
            +---------+---------+-------+---------+---------+-------
        D:1 |      33 |       0 |   0.0 |      20 |       0 |   0.0
        D:2 |      10 |       0 |   0.0 |       6 |       0 |   0.0
        D:3 |      92 |       0 |   0.0 |      21 |       0 |   0.0
        D:4 |     127 |      81 |  38.9 |      11 |       3 |  21.4
            +---------+---------+-------+---------+---------+-------
